Map: [ESL] Moondance

Players

Serral - Winner!

  • Race: Zerg Zerg
  • League: Grandmaster
  • Spawn Location: 12:00

ShoWTimE

  • Race: Protoss Protoss
  • League: Master
  • Spawn Location: 6:00

Event: TSL 9

VOD

Have the link to the VOD?

Description

Time

  • Played on: Sept. 4, 2022, 8:35 a.m.
  • Length: 11:03

All games in this series

Show
View Real Time Build Order
Export as new Build Order

Serral Zerg - Winner!

Build Orders: Hatch First 

Get SALT Encoding   

  12  0:00  Drone  
  13  0:11  Overlord  
  13  0:16  Drone  
  14  0:29  Drone  
  14  0:30  Drone  
  16  0:42  Drone  
  17  0:51  Hatchery  
  17  0:54  Drone  
  17  0:58  Drone  
  18  1:08  Extractor  
  17  1:14  Spawning Pool  
  17  1:16  Drone  
  17  1:20  Drone  
  18  1:27  Drone  
  19  1:39  Drone  
  20  1:48  Overlord  
  20  2:01  Queen  
  20  2:03  Zergling x2, Queen  
  20  2:04  Zergling x2  
  26  2:10  Drone  
  26  2:13  Metabolic Boost  
  26  2:14  Drone  
  28  2:20  Drone  
  29  2:24  Drone  
  30  2:36  Hatchery  
  29  2:41  Queen  
  31  2:46  Drone  
  31  2:47  Drone  
  31  2:50  Overlord  
  33  2:56  Zergling x2  
  33  2:57  Zergling x2  
  35  3:03  Zergling x2  
  35  3:04  Overlord  
  36  3:15  Evolution Chamber  
  36  3:16  Drone x4  
  40  3:26  Drone  
  40  3:27  Drone x3  
  41  3:33  Spore Crawler  
  39  3:35  Drone x2  
  39  3:40  Queen  
  43  3:44  Queen  
  43  3:48  Drone x2  
  47  3:53  Drone x3  
  49  4:01  Overlord  
  49  4:02  Drone x3  
  52  4:07  Drone  
  52  4:08  Spore Crawler  
  52  4:09  Drone  
  53  4:11  Zergling x2  
  53  4:16  Queen  
  56  4:18  Drone  
  58  4:24  Drone x3, Evolution Chamber  
  58  4:28  Drone  
  58  4:30  Zergling x2  
  58  4:31  Drone x2  
  61  4:35  Overlord  
  61  4:37  Drone x2  
  63  4:40  Overlord  
  63  4:42  Overlord  
  63  4:45  Drone  
  64  4:50  Zerg Melee Weapons Level 1  
  64  4:51  Drone, Overlord  
  65  4:53  Drone  
  65  4:57  Zergling x2  
  67  5:03  Drone  
  67  5:06  Drone  
  69  5:09  Hatchery  
  69  5:10  Drone x4  
  69  5:11  Drone  
  69  5:14  Drone x2  
  74  5:18  Drone  
  74  5:19  Drone x2  
  77  5:23  Extractor  
  77  5:24  Lair, Drone  
  77  5:29  Queen, Drone, Extractor  
  77  5:30  Drone, Extractor  
  77  5:32  Drone x2  
  77  5:34  Drone  
  82  5:37  Overlord  
  82  5:38  Drone x2  
  82  5:39  Drone  
  82  5:41  Spore Crawler  
  84  5:46  Baneling Nest  
  83  5:53  Drone x4  
  86  5:58  Hatchery  
  86  6:03  Drone x2  
  87  6:04  Zergling x2  
  87  6:05  Zergling x10  
  87  6:08  Overlord  
  93  6:13  Zergling x8  
  93  6:16  Overlord  
  97  6:19  Zergling x6  
  97  6:21  Queen  
  102  6:26  Drone x2  
  102  6:30  Drone  
  105  6:34  Drone  
  105  6:35  Drone x2  
  105  6:36  Centrifugal Hooks  
  105  6:38  Zergling x2, Drone  
  105  6:39  Zergling x10  
  114  6:45  Overlord  
  114  6:48  Zergling x10  
  114  6:49  Zerg Melee Weapons Level 2  
  119  6:54  Overlord x2  
  119  6:57  Drone  
  119  6:58  Zergling x2, Hatchery  
  119  6:59  Zergling x6  
  123  7:08  Zergling x18  
  125  7:15  Zergling x2  
  125  7:16  Zergling x8  
  125  7:21  Queen  
  132  7:23  Hydralisk Den  
  132  7:25  Drone x3  
  132  7:28  Zergling x10  
  139  7:30  Overlord  
  139  7:31  Overlord  
  139  7:35  Baneling x8  
  139  7:36  Zergling x12  
  142  7:44  Zergling x8  
  142  7:47  Spore Crawler  
  142  7:49  Baneling x5  
  143  7:53  Zergling x22  
  143  7:56  Muscular Augments  
  153  8:00  Zergling x8  
  153  8:02  Baneling x4  
  153  8:04  Zergling x8  
  154  8:14  Zergling x8  
  154  8:17  Zergling x2  
  154  8:18  Zergling x4  
  157  8:21  Zergling x2  
  157  8:22  Zergling x18  
  157  8:25  Overlord  
  152  8:28  Zergling x6  
  152  8:33  Hydralisk x8  
  168  8:39  Baneling x5  
  168  8:40  Baneling  
  168  8:41  Baneling x4  
  170  8:43  Hydralisk x2  
  170  8:44  Zergling x6, Hydralisk  
  176  8:56  Zergling x16  
  176  9:01  Baneling x8  
  184  9:04  Baneling x2  
  184  9:06  Zergling x6  
  184  9:07  Overlord x2  
  184  9:08  Grooved Spines  
  186  9:12  Overlord  
  186  9:15  Baneling x5  
  186  9:21  Zergling x6  
  187  9:28  Zergling x2  
  187  9:29  Zergling x40  
  193  9:34  Zergling x14  
  193  9:36  Zergling x2  
  181  9:42  Zergling x16  
  182  9:47  Baneling  
  182  9:48  Zergling x2, Baneling x4  
  182  9:49  Zergling x10  
  182  9:52  Baneling x10  
  186  9:55  Zergling x8  
  190  10:00  Zergling x2  
  190  10:01  Zergling x16  
  190  10:05  Baneling x2  
  198  10:22  Baneling x7  
  198  10:23  Baneling  
  198  10:26  Zergling x18  
  195  10:31  Zergling x2  
  195  10:32  Zergling x26  
  195  10:34  Zergling x2  
  195  10:35  Zergling x14  
  197  10:39  Zergling x12  
  197  10:42  Zergling x6  
  188  10:44  Zergling x4  
Show
View Real Time Build Order
Export as new Build Order

ShoWTimE Protoss 

Build Orders: 1 Gate Expand, Double Forge, Oracle Opening 

Get SALT Encoding   

  12  0:00  Probe  
  13  0:12  Probe  
  14  0:17  Pylon  
  14  0:24  Probe (Chrono Boost)  
  15  0:36  Probe (Chrono Boost)  
  15  0:38  Gateway  
  16  0:44  Probe (Chrono Boost)  
  16  0:47  Assimilator  
  17  0:50  Probe  
  18  1:03  Probe  
  19  1:15  Probe  
  20  1:24  Nexus  
  20  1:34  Cybernetics Core  
  20  1:37  Probe  
  21  1:43  Assimilator  
  21  1:49  Probe  
  21  1:51  Pylon  
  23  2:01  Probe  
  23  2:07  Adept (Chrono Boost)  
  23  2:13  Probe  
  26  2:19  Stargate  
  26  2:25  Probe (Chrono Boost)  
  26  2:28  Adept (Chrono Boost)  
  27  2:34  Warp Gate  
  27  2:36  Probe (Chrono Boost)  
  30  2:43  Probe (Chrono Boost)  
  31  2:45  Probe (Chrono Boost)  
  31  2:50  Adept, Probe x2 (Chrono Boost)  
  36  3:01  Probe  
  36  3:02  Probe  
  36  3:04  Oracle (Chrono Boost)  
  41  3:14  Probe x2  
  43  3:26  Probe x2  
  45  3:31  Nexus  
  45  3:34  Pylon  
  41  3:36  Oracle (Chrono Boost)  
  41  3:41  Probe  
  45  3:43  Probe  
  46  3:50  Shield Battery  
  46  3:53  Probe  
  46  3:55  Probe  
  48  3:58  Assimilator  
  48  4:00  Assimilator  
  48  4:05  Oracle (Chrono Boost), Probe  
  48  4:07  Probe, Pylon  
  53  4:17  Probe  
  54  4:24  Twilight Council  
  54  4:25  Probe  
  54  4:29  Probe  
  56  4:31  Forge x2  
  56  4:37  Probe (Chrono Boost)  
  57  4:43  Stalker  
  57  4:45  Probe (Chrono Boost)  
  60  4:46  Probe (Chrono Boost)  
  60  4:49  Probe (Chrono Boost)  
  62  4:54  Gateway  
  62  4:55  Probe (Chrono Boost)  
  62  4:56  Gateway  
  62  4:57  Probe x2 (Chrono Boost)  
  62  4:59  Pylon  
  65  5:00  Probe (Chrono Boost)  
  65  5:01  Blink (Chrono Boost)  
  65  5:03  Probe  
  65  5:06  Probe  
  68  5:09  Protoss Ground Weapons Level 1 (Chrono Boost)  
  68  5:10  Protoss Ground Armor Level 1 (Chrono Boost)  
  68  5:12  Probe  
  69  5:15  Probe  
  69  5:18  Probe, Stalker  
  73  5:25  Pylon  
  73  5:41  Sentry  
  75  5:47  Nexus  
  75  5:48  Probe x3, Pylon  
  78  5:51  Pylon  
  78  5:55  Gateway x2, Stalker  
  78  5:56  Stalker  
  82  6:00  Probe  
  83  6:04  Pylon  
  83  6:08  Shield Battery  
  83  6:13  Gateway  
  83  6:14  Stalker  
  83  6:17  Gateway x2  
  85  6:19  Probe x3  
  88  6:30  Stalker x2  
  88  6:31  Probe x2  
  93  6:33  Probe  
  94  6:42  Pylon  
  94  6:43  Probe  
  94  6:44  Stalker  
  94  6:46  Probe  
  98  6:49  Stalker  
  98  6:50  Charge (Chrono Boost)  
  98  6:51  Probe  
  98  6:53  Pylon  
  101  6:55  Probe  
  101  6:58  Stalker x3  
  101  7:15  Stalker x3  
  101  7:16  Probe, Stalker x2  
  101  7:17  Probe x3  
  101  7:19  Protoss Ground Armor Level 2 (Chrono Boost), Protoss Ground Weapons Level 2 (Chrono Boost)  
  115  7:28  Pylon  
  115  7:29  Probe  
  116  7:33  Stalker x3  
  122  7:37  Pylon  
  122  7:43  Nexus  
  122  7:44  Pylon  
  122  7:46  Shield Battery  
  122  7:48  Photon Cannon  
  122  7:55  Shield Battery  
  122  8:00  Zealot x7  
  122  8:01  Zealot  
  132  8:21  Stalker x8  
  132  8:23  Probe  
  132  8:24  Probe  
  147  8:32  Probe  
  147  8:33  Pylon  
  148  8:38  Pylon  
  148  8:43  Assimilator  
  148  8:47  Assimilator  
  148  8:50  Probe x2  
  148  8:51  Probe  
  145  8:56  Nexus  
  145  8:58  Probe  
  145  8:59  Photon Cannon  
  145  9:02  Shield Battery  
  146  9:07  Probe x2  
  148  9:16  Probe  
  148  9:17  Templar Archives  
  149  9:20  Pylon  
  149  9:21  Pylon  
  149  9:23  Stalker x7  
  151  9:35  Zealot  
  122  9:46  Stalker x7  
  136  9:55  Photon Cannon  
  136  9:57  Photon Cannon  
  136  9:59  Shield Battery  
  136  10:04  Pylon  
  136  10:07  Shield Battery  
  136  10:09  Shield Battery  
  136  10:14  Pylon  
  136  10:15  Stalker x2  
  136  10:16  Stalker  
  136  10:17  Stalker x4  
  150  10:22  Stalker  
  150  10:27  Shield Battery  
  150  10:30  Shield Battery  
  132  10:39  Stalker x2  
  132  10:40  Stalker x2  
  118  10:43  Stalker x3  
  118  10:48  Probe x3  
Tags
 
Add a new tag
Caveats
  • Supply blocks, unpowered buildings, or Contaminate may cause inaccurate times.
  • Supply counts are checked every 10 seconds.